 Dungeon Crawl Stone Soup version 0.31-a0-986-g5e6e4ef867 (webtiles) character file.

Game seed: 11052840528484503312

93 Curundu the Slasher (level 4, 0/38 (40) HPs)
             Began as a Draconian Berserker on Nov 9, 2023.
             Was a Believer of Trog.
             Killed from afar by an orc wizard (4 damage)
             ... with a magic dart
             ... on level 3 of the Dungeon.
             The game lasted 00:10:43 (1913 turns).

Curundu the Slasher (Draconian Berserker)           Turns: 1913, Time: 00:10:44

HP:   0/38 (40)     AC:  6    Str: 19    XL:     4   Next: 37%
MP:   4/4           EV: 13    Int:  7    God:    Trog [**....]
Gold: 107           SH:  0    Dex: 13    Spells: 3/3 levels left

rFire   . . .        a - +0 falchion
rCold   . . .        (no shield)
rNeg    . . .        (body armour unavailable)
rPois   .            (helmet restricted)
rElec   .            (no cloak)
rCorr   .            f - +0 pair of gloves
SInv    .            (no boots)
Will    .....        (no amulet)
Stlth   +            (no ring)
HPRegen 0.26/turn    (no ring)
MPRegen 0.09/turn

%: no passive effects
@: drained
A: AC +5, unfitting armour, cold-blooded
a: Renounce Religion, Berserk, Trog's Hand


You were on level 3 of the Dungeon.
You worshipped Trog.
Trog was pleased with you.
You visited 1 branch of the dungeon, and saw 3 of its levels.

You collected 107 gold pieces.

Inventory:

Hand Weapons
 a - a +0 falchion (weapon)
Armour
 f - a +0 pair of gloves (worn)
Scrolls
 b - a scroll of immolation {unknown}
 c - a scroll of revelation {unknown}
 e - a scroll of blinking {unknown}
 h - a scroll of amnesia {unknown}
Potions
 d - 6 potions of curing {unknown}
 g - a potion of heal wounds {unknown}
 i - a potion of enlightenment {unknown}


   Skills:
 + Level 4.0 Fighting
 + Level 4.1 Long Blades
 + Level 3.4 Dodging


You had 3 spell levels left.
You didn't know any spells.
Your spell library was empty.

Dungeon Overview and Level Annotations

Branches:
Dungeon (3/15)

Altars:
Xom

Shops:
D:2 *


Innate Abilities, Weirdness & Mutations

Your plain brown scales are hard. (AC +5)
You cannot fit into any form of body armour.
You are cold-blooded and may be slowed by cold attacks.


Message History

* * * LOW HITPOINT WARNING * * *
Something hits you but does no damage.
You hit the jackal.
The jackal is almost dead.
The jackal bites you but does no damage. x2
The jackal misses you. Something hits you but does no damage.
The jackal closely misses you.
You hit the jackal.
You kill the jackal!
Trog accepts your kill.
The jackal bites you but does no damage. x2
Something hits you.
* * * LOW HITPOINT WARNING * * *
The jackal barely misses you.
You hit the jackal.
The jackal is heavily wounded.
The jackal bites you but does no damage. x2
Something hits you but does no damage. The jackal closely misses you.
You barely miss the jackal.
Your tail-slap misses the jackal.
The jackal is heavily wounded.
The jackal barely misses you. The jackal misses you. Something hits you.
* * * LOW HITPOINT WARNING * * *
The jackal closely misses you.
Unknown command.
You hit the jackal.
You kill the jackal!
Trog accepts your kill. The jackal barely misses you. Something hits you.
* * * LOW HITPOINT WARNING * * *
The jackal misses you.
You completely miss the jackal.
Your tail-slap misses the jackal.
The jackal bites you but does no damage.
Something hits you but does no damage.
Unknown command.
You closely miss the jackal.
An orc wizard appears from thin air!
Reactivating autopickup.
The jackal barely misses you.
The orc wizard points at you and mumbles some strange words.
The magic dart hits you.
You die...

#### ###$.###
###.gh@o.###
#....##)...####
......#..........
.#.##.##.###.#...
.. #....†..#.# ..
. #.....#.# # #
#..<.o..#
#..#....#
.........$#


You could see an orc wizard, a jackal and a goblin.

Vanquished Creatures
  A hound skeleton (D:2)
  An adder (D:2)
  A gnoll (D:1)
  A worm (D:2)
  2 dart slugs
  2 orcs (D:3)
  A bat skeleton (D:2)
  A bat zombie (D:2)
  4 endoplasms
  A giant cockroach (D:2)
  2 goblins (D:1)
  7 hobgoblins
  10 jackals
  A quokka (D:1)
  3 ball pythons
  2 bats (D:2)
  3 giant cockroach zombies (D:2)
  8 rats
51 creatures vanquished.

Notes
Turn   | Place    | Note
-------+----------+-------------------------------------------
     0 | D:1      | Curundu the Draconian Berserker began the quest for the
                  | Orb.
     0 | D:1      | Reached XP level 1. HP: 19/19 MP: 1/1
    86 | D:1      | Reached XP level 2. HP: 24/26 MP: 2/2
   524 | D:1      | Reached XP level 3. HP: 25/33 MP: 3/3
   718 | D:2      | Found Cipnat's Assorted Antiques.
   999 | D:2      | Reached ** piety under Trog
  1388 | D:2      | Reached XP level 4. HP: 32/40 MP: 4/4
  1476 | D:2      | Found a faded altar of an unknown god.
  1889 | D:3      | Found a shimmering altar of Xom.
  1913 | D:3      | Killed from afar by an orc wizard

Illustrated notes

Levels and vault maps discovered:
D:1:      pf_arrival_petrified_forest, layout_basic, dk_noncrumbling_3,
          nicolae_grassy_gnolls
D:2:      layout_basic, serial_undead, serial_undead_c, serial_undead_f,
          serial_undead_b, serial_undead_f, serial_undead_e, serial_undead_a,
          basic_ecumenical_altar, serial_shops, nicolae_shop_overgrown_old_shop,
          minivault_11
D:3:      layout_basic, led_xom_imps, minmay_misc_feat_x,
          uniq_crazy_yiuf_cottage

Skill      XL: |  1  2  3  4 |
---------------+-------------+-----
Dodging        | 3 |  3.4
Fighting       | 4 |  4.0
Long Blades    | 4 |  4.1

Action                     |  1- 3 |  4- 6 || total
---------------------------+-------+-------++-------
  Melee: Falchion          |   134 |    27 ||   161
         Tailslap          |    18 |     3 ||    21
         Punch             |     5 |       ||     5
 Armour: Skin              |    94 |    39 ||   133
  Dodge: Dodged            |   120 |    19 ||   139

Table legend: (Time is in decaauts)
 A = Elapsed time spent in this place.
 B = Non-inter-level travel time spent in this place.
 C = Inter-level travel time spent in this place.
 D = Time resting spent in this place.
 E = Time spent auto-exploring this place.
 F = Levels seen in this place.
 G = Mean time per level.
                   A        B        C        D        E       F      G
               +--------+--------+--------+--------+--------+-----+--------+
         Total |   1935 |   1935 |      0 |     80 |      0 |   3 |  645.0 |
       Dungeon |   1935 |   1935 |      0 |     80 |      0 |   3 |  645.0 |
               +--------+--------+--------+--------+--------+-----+--------+

Top non-repeatable levels by time:
     D:2: 1207 daAuts
     D:1: 696 daAuts
     D:3: 31 daAuts
